 Dungeon Crawl Stone Soup version 0.28-a0-1447-ga5a8893891 (webtiles) character file.

Game seed: 1590900222026549372

121 oldriver the Skirmisher (level 5, 0/43 HPs)
             Began as a Formicid Chaos Knight on Jan 10, 2022.
             Was a Plaything of Xom.
             Slain by Grinder (5 damage)
             ... on level 3 of the Dungeon.
             The game lasted 00:02:37 (2630 turns).

oldriver the Skirmisher (Formicid Chaos Knight)     Turns: 2630, Time: 00:02:38

Health: 0/43       AC:  5    Str: 18    XL:     5   Next: 26%
Magic:  5/5        EV: 12    Int: 12    God:    Xom [.....*]
Gold:   90         SH:  0    Dex: 10    Spells: 4/4 levels left

rFire   + . .      SeeInvis +   a - +0 hand axe (chaos)
rCold   + . .      Faith    .   (no shield)
rNeg    . . .      Spirit   .   b - +2 leather armour
rPois   +          Reflect  .   (helmet unavailable)
rElec   +          Harm     .   (no cloak)
rCorr   +          Rampage  .   (no gloves)
Will    .....                   (no boots)
Stlth   +.........              (no amulet)
HPRegen 0.14/turn               (no ring)
MPRegen 0.09/turn               (no ring)

@: resistant, flying, invisible
A: permanent stasis, dig shafts and tunnels, antennae 3, four strong arms
a: Dig, Shaft Self, Renounce Religion


You were on level 3 of the Dungeon.
You worshipped Xom.
You were Xom's teddy bear.
You visited 1 branch of the dungeon, and saw 3 of its levels.

You collected 90 gold pieces.

Inventory:

Hand Weapons
 a - a +0 hand axe of chaos (weapon)
Armour
 b - a +2 leather armour (worn)
Scrolls
 c - a scroll of identify
 e - 3 scrolls of amnesia
 g - a scroll of fear {unknown}


   Skills:
 + Level 4.4 Fighting
 + Level 3.9 Axes
 - Level 2.4 Armour
 + Level 2.3 Dodging


You had 4 spell levels left.
You didn't know any spells.
Your spell library contained the following spells:

 Spells                   Type           Power      Damage    Failure   Level
 Animate Skeleton         Necr           0%         N/A       36%         1
 Pain                     Necr           0%         1d4       36%         1
 Corpse Rot               Necr/Air       0%         N/A       52%         2
 Sublimation of Blood     Necr           0%         N/A       52%         2
 Wereblood                Tmut           0%         N/A       52%         2
 Vampiric Draining        Necr           0%         2d6       75%         3
 Dispel Undead            Necr           0%         3d6       98%         4
 Death Channel            Necr           0%         N/A       100%        6
 Summon Hydra             Summ           0%         N/A       100%        7


Dungeon Overview and Level Annotations

Branches:
Dungeon (3/15)

Altars:
Zin

Annotations:
D:3 Grinder


Innate Abilities, Weirdness & Mutations

You cannot be hasted, slowed, berserked, paralysed or teleported.
You can dig through walls and to a lower floor.
You have a pair of large antennae on your head. (SInv)
Your four strong arms can wield two-handed weapons with a shield.


Message History

You sense a monster nearby.
Grinder comes into view.
Grinder shouts!
Grinder says, "My boss said I was rubbish.
His entrails said otherwise."
Grinder blinks!
Grinder moves out of view.
Grinder is nearby!
Grinder is nearby! "Go forth and cause havoc, mortal!"
You fade into invisibility!
You are now Xom's teddy bear.
Grinder gestures at something.
You resist with significant effort.
You barely miss Grinder. Grinder hits you.
You writhe in agony.
You barely miss Grinder. Grinder hits you but does no damage.
You closely miss Grinder. Grinder barely misses you. Grinder hits you.
You hit Grinder but do no damage. Grinder hits you!
You writhe in agony.
You barely miss Grinder. Grinder gestures at you.
Pain shoots through your body!
You hit Grinder. Lightning courses through Grinder!
Grinder is heavily wounded.
Grinder hits you.
* * * LOW HITPOINT WARNING * * *
You writhe in agony.
* * * LOW HITPOINT WARNING * * *
You feel protected. Grinder closely misses you.
It was a potion of flight.
You feel very buoyant.
You fly up into the air.
Grinder gestures at you.
Your stasis prevents you from being paralysed.
Unknown command.
You closely miss Grinder.
Grinder is heavily wounded.
Grinder hits you.
* * * LOW HITPOINT WARNING * * *
You writhe in agony.
You die...
Xom snickers!

#..# #...######.
#..######. ....# #.
#......... ##
##.######. #.# #.##
#.# #... ####.####
#..# #.......#
#..####.##.# #.......#
#...@5...... ###
#.......####.####..#..
#.. #............# ..#
#<# #.......###### #
#.# #.......# .#.
#.......# ## #
#########


You could see Grinder.

Vanquished Creatures
  Robin (D:2)
  3 adders
  An orc (D:3)
  4 endoplasms
  4 giant cockroaches
  7 goblins (D:2)
  15 hobgoblins
  11 jackals
  5 kobolds
  4 quokkas (D:1)
  8 bats
  3 frilled lizards
  5 rats
71 creatures vanquished.

Notes
Turn   | Place    | Note
-------+----------+-------------------------------------------
     0 | D:1      | oldriver the Formicid Chaos Knight began the quest for the
                  | Orb.
     0 | D:1      | Reached XP level 1. HP: 18/18 MP: 1/1
    72 | D:1      | Reached skill level 1 in Dodging
   145 | D:1      | Reached XP level 2. HP: 15/24 MP: 2/2
   520 | D:1      | Reached XP level 3. HP: 26/29 MP: 3/3
   678 | D:1      | XOM: silly message
   716 | D:1      | XOM: divination: detect creatures
   988 | D:1      | Reached XP level 4. HP: 25/37 MP: 4/4
  1156 | D:2      | Reached skill level 4 in Fighting
  1172 | D:2      | Noticed Robin
  1180 | D:2      | Killed Robin
  1467 | D:2      | XOM: noise
  1511 | D:2      | Reached XP level 5. HP: 18/42 MP: 5/5
  1983 | D:2      | XOM: cloud trail
  1991 | D:2      | Found a faded altar of an unknown god.
  2189 | D:3      | XOM: silly message
  2235 | D:3      | Found a glowing silver altar of Zin.
  2498 | D:3      | XOM: noise
  2618 | D:3      | Noticed Grinder
  2620 | D:3      | XOM: potion effect (invisibility)
  2630 | D:3      | Slain by Grinder

Illustrated notes

Levels and vault maps discovered:
D:1:      nzn_arrival_depleted_hourglass, layout_rooms, kennysheep_nondescript
D:2:      layout_rooms, hellmonk_ecumenical_altar_inner_sanctum,
          hex_intersection, chequers_hall_statues_y, uniq_robin
D:3:      layout_loops_ring, mainiacjoe_overflow_concentric_impassable,
          uniq_grinder

Skill      XL: |  1  2  3  4 |
---------------+-------------+-----
Dodging        | 1 2 |  2.3
Fighting       | 4 |  4.4
Axes           | |  3.9
Armour         | |  2.4

Action                   |  1- 3 |  4- 6 || total
-------------------------+-------+-------++-------
Melee: Hand axe          |    78 |   107 ||   185
       Punch             |     1 |       ||     1
  Use: Scroll            |       |     5 ||     5
       Potion            |       |     2 ||     2
Armor: Leather armour    |    60 |    44 ||   104
Dodge: Dodged            |   101 |    80 ||   181

Table legend: (Time is in decaauts)
 A = Elapsed time spent in this place.
 B = Non-inter-level travel time spent in this place.
 C = Inter-level travel time spent in this place.
 D = Time resting spent in this place.
 E = Time spent auto-exploring this place.
 F = Levels seen in this place.
 G = Mean time per level.
                   A        B        C        D        E       F      G
               +--------+--------+--------+--------+--------+-----+--------+
         Total |   2655 |   2609 |     46 |    265 |   1870 |   3 |  885.0 |
       Dungeon |   2655 |   2609 |     46 |    265 |   1870 |   3 |  885.0 |
               +--------+--------+--------+--------+--------+-----+--------+

Top non-repeatable levels by time:
     D:1: 1082 daAuts
     D:2: 949 daAuts
     D:3: 623 daAuts
